 Dungeon Crawl Stone Soup version 0.28-a0-390-gb254ac4902 (webtiles) character file.

Game seed: 7005340581646728126

3301 omnomnOMINOUS the Reanimator (level 10, -1/63 HPs)
             Began as an Octopode Wanderer on Sept 3, 2021.
             Was a Priest of Hepliaklqana.
             Slain by a boulder beetle (41 damage)
             ... on level 7 of the Dungeon.
             The game lasted 00:20:57 (8308 turns).

omnomnOMINOUS the Reanimator (Octopode Wanderer)    Turns: 8308, Time: 00:20:57

Health: -1/63      AC:  1    Str: 13    XL:     10   Next: 1%
Magic:  10/10      EV: 15    Int: 16    God:    Hepliaklqana [***...]
Gold:   235        SH:  0    Dex: 12    Spells: 8/9 levels left

rFire   . . .      SeeInvis .   a - +1 dagger (pain)
rCold   . . .      Faith    .   (no shield)
rNeg    . . .      Spirit   .   (helmet restricted)
rPois   .          Reflect  .   w - amulet of magic regeneration
rElec   .          Harm     .   B - ring of resist corrosion
rCorr   +          Rampage  .   (no ring)
Will    .....                   (no ring)
Stlth   ++........              (no ring)
HPRegen 0.20/turn               (no ring)
MPRegen 0.37/turn               (no ring)
                                (no ring)
                                (no ring)

@: no status effects
A: reduced essence, almost no armour, amphibious, 8 rings, camouflage 1,
gelatinous body 1, (nimble swimmer 1), tentacles
a: Renounce Religion, Recall Ancestor, Ancestor Identity, Transference


You were on level 7 of the Dungeon.
You worshipped Hepliaklqana.
Hepliaklqana was most pleased with you.
You visited 2 branches of the dungeon, and saw 8 of its levels.

You collected 235 gold pieces.

Inventory:

Hand Weapons
 a - a +1 dagger of pain (weapon)
 b - a +2 dagger of draining
 c - a +0 rapier
 d - a +1 dagger of speed
 k - a +4 dagger
 t - a +2 whip of electrocution
 y - a +2 whip of venom
Jewellery
 w - an amulet of magic regeneration (around mantle)
 B - a ring of resist corrosion (left tentacle)
Wands
 s - a wand of paralysis (11)
Scrolls
 e - 2 scrolls of silence {unknown}
 f - a scroll of acquirement {unknown}
 g - 3 scrolls of noise {unknown}
 h - 3 scrolls of teleportation {unknown}
 i - a scroll of fear {unknown}
 j - a scroll of summoning {unknown}
 l - 4 scrolls of identify {unknown}
 m - 3 scrolls of vulnerability {unknown}
 o - a scroll of fog {unknown}
 A - a scroll of brand weapon {unknown}
 C - a scroll of enchant weapon {unknown}
Potions
 n - 3 potions of flight {unknown}
 p - a potion of brilliance {unknown}
 q - a potion of cancellation
 r - 2 potions of heal wounds
 u - a potion of mutation {unknown}
 v - a potion of lignification {unknown}
 x - 2 potions of curing
 z - 2 potions of magic


   Skills:
 + Level 7.0 Fighting
 - Level 3.0 Crossbows
 - Level 1.0 Throwing
 + Level 7.0 Dodging
 - Level 1.0 Shields
 - Level 1.0 Hexes
 * Level 9.9 Necromancy


You had 8 spell levels left.
You knew the following spells:

 Your Spells              Type           Power      Damage    Failure   Level
a - Pain                  Necr           100%       1d9       1%          1

Your spell library contained the following spells:

 Spells                   Type           Power      Damage    Failure   Level
 Animate Skeleton         Necr           62%        N/A       1%          1
 Vampiric Draining        Necr           15%        2d8       1%          3
 Animate Dead             Necr           15%        N/A       4%          4
 Agony                    Necr           31%        N/A       12%         5
 Excruciating Wounds      Necr           15%        N/A       12%         5
 Foxfire                  Conj/Fire      0%         2x1d4     26%         1
 Sandblast                Erth           0%         2d4       26%         1
 Sting                    Tmut/Pois      0%         1d3       26%         1
 Passwall                 Tmut/Erth      0%         N/A       36%         2
 Poisonous Vapours        Pois/Air       0%         N/A       36%         2
 Inner Flame              Hex/Fire       1%         N/A       52%         3
 Conjure Flame            Conj/Fire      0%         6-21      58%         3
 Gell's Gravitas          Tloc           0%         N/A       58%         3
 Ignite Poison            Fire/Tmut/Pois 0%         N/A       58%         3
 Lesser Beckoning         Tloc           0%         N/A       58%         3
 Mephitic Cloud           Conj/Pois/Air  0%         N/A       58%         3
 Teleport Other           Tloc           0%         N/A       58%         3
 Flame Wave               Conj/Fire      0%         3d3       94%         4
 Olgreb's Toxic Radiance  Pois           0%         N/A       94%         4
 Bolt of Magma            Conj/Fire/Erth 0%         4d4       100%        5
 Lee's Rapid Deconstruct  Erth           0%         3d5*      100%        5


Dungeon Overview and Level Annotations

Branches:
Dungeon (7/15)             Temple (1/1) D:4

Altars:
Cheibriados
Elyvilon
Fedhas
Gozag
Hepliaklqana
Kikubaaqudgha
Makhleb
Nemelex Xobeh
Okawaru
Qazlal
Ru
Sif Muna
Trog
Uskayaw
Vehumet
Wu Jian
Xom
Yredelemnul
The Shining One

Shops:
D:3 =

Annotations:
D:5 2 transporters
D:7 1 runed translucent door, robertstho's ghost, novice DjFE


Innate Abilities, Weirdness & Mutations

Your life essence is reduced to manifest your ancestor. (-10% HP)
You cannot wear most types of armour.
You are amphibious.
You can wear up to eight rings at the same time.
Your skin changes colour to match your surroundings (Stealth+).
Your rubbery body absorbs attacks. (AC +1, EV +1)
((You are camouflaged near water. (Stealth+)))
You have tentacles for arms and can constrict up to eight enemies at once.


Message History

Confirm with . or Enter, or press ? or * to list all spells.
Aiming: Pain (safe; 1% risk of failure)
Press: ? - help, Shift-Dir - straight line, f/p - boulder beetle
Aim: a boulder beetle (lightly wounded, chance to affect: 71%)
The boulder beetle writhes in agony.
n - 3 brown potions (gained 1)
The boulder beetle curls into a ball and begins rolling!
You swap places.
The boulder beetle hits omcestor!!
The boulder beetle stops rolling and uncurls.
Casting: Pain (safe; 1% risk of failure)
Confirm with . or Enter, or press ? or * to list all spells.
Aiming: Pain (safe; 1% risk of failure)
Press: ? - help, Shift-Dir - straight line, f/p - boulder beetle
Aim: a boulder beetle (lightly wounded, ally target, chance to affect: 71%) Omcestor avoids your attack.
The boulder beetle writhes in agony!
Omcestor hits the boulder beetle with a +0 quarterstaff.
The boulder beetle bites omcestor!!
Omcestor is destroyed!
The boulder beetle curls into a ball and begins rolling!
Found a dagger and a scroll of immolation.
Found a runed translucent door.
Robertstho's ghost turns its malevolent gaze towards you.
Found a robe.
The kobold demonologist shouts!
Robertstho's ghost whispers, "There is no future for you."
Robertstho's ghost keens inconsolably.
The boulder beetle hits you!
The boulder beetle stops rolling and uncurls.
The boulder beetle curls into a ball and begins rolling!
The boulder beetle hits you!
The boulder beetle stops rolling and uncurls.
Things that are here:
a +0 club; an orc corpse
Items here: )) [ ††.
The boulder beetle curls into a ball and begins rolling!
There is a stone staircase leading up here.
The boulder beetle hits you!!!
Ouch! That really hurt!
You die...

#§§§# ###### #§WK# .....#
##+####### .. .....#
#........# ####.# .....#
#...# #.# .....#.
.....######...###.####....)..
.................°.....>.....
.....######....####°.#.......
.....# #.....#.#@B○).#.....#.
....B###.#####.#..#..........
.......#.#...#.#####<......#.
##.#.#...#.#.#.............#
.†.#.##..#.#...#####.........
...#.##..#.###.# #........#
...#...........# ########..
..)####B#....#.####### .
...#.................#


You could see a boulder beetle (rolling).

Vanquished Creatures
  Prince Ribbit (D:5)
  Sigmund (D:2)
  Eustachio (D:5)
  2 water moccasins
  An ice beast (D:6)
  A bullfrog (D:4)
  A scorpion (D:4)
  2 howler monkeys (D:7)
  2 centaur skeletons
  2 orc priests
  A gnoll shaman (D:6)
  A jelly (D:5)
  An iguana (D:6)
  An iron imp (D:3)
  Jessica (D:3)
  Natasha (twice) (D:4)
  2 orc wizards
  6 gnolls (D:6)
  5 adders
  A shadow imp (D:5)
  An adder skeleton (D:5)
  A dart slug (D:3)
  17 orcs
  3 ball pythons
  6 bats
  6 endoplasms
  6 giant cockroaches
  7 goblins
  6 hobgoblins
  5 jackals
  4 quokkas
  A frilled lizard (D:2)
  10 kobolds
  4 rats
112 creatures vanquished.

Vanquished Creatures (collateral kills)
  Pikel (D:4)
  An orc warrior (D:7)
  2 sky beasts
  A necrophage (D:5)
  An ogre (D:6)
  A centaur (D:5)
  A lemure (D:4)
  A kobold brigand (D:6)
  A bullfrog (D:3)
  4 wights (D:6)
  A centaur zombie (D:5)
  2 hounds
  2 iron imps (D:3)
  3 orc priests
  An iguana (D:5)
  Ijyb (D:3)
  An orc wizard (D:5)
  Natasha (D:4)
  A hound skeleton (D:5)
  4 adders
  3 gnolls (D:6)
  2 white imps
  An adder skeleton (D:5)
  The ghost of flotson the Sneak, a weakling MfDe (D:5)
  18 orcs
  An endoplasm (D:3)
  A jackal (D:3)
  2 ball pythons
  2 kobolds (D:6)
62 creatures vanquished.

Vanquished Creatures (others)
  A battlemage (D:7)
  2 ancestors (D:2)
3 creatures vanquished.

Grand Total: 177 creatures vanquished

Notes
Turn   | Place    | Note
-------+----------+-------------------------------------------
     0 | D:1      | omnomnOMINOUS the Octopode Wanderer began the quest for the
                  | Orb.
     0 | D:1      | omnomnOMINOUS set off with the following items: a +0 club;
                  | and the following spells available to memorise: Animate
                  | Skeleton, Pain, Vampiric Draining, Animate Dead, Agony
     0 | D:1      | Reached XP level 1. HP: 14/14 MP: 1/1
    83 | D:1      | Reached skill level 1 in Dodging
   266 | D:1      | Reached XP level 2. HP: 13/19 MP: 2/2
   917 | D:1      | Reached XP level 3. HP: 21/24 MP: 3/3
  1426 | D:2      | Found a faded altar of an unknown god.
  1463 | D:2      | Became a worshipper of Hepliaklqana the Forgotten
  1463 | D:2      | Reached * piety under Hepliaklqana
  1698 | D:2      | Learned a level 1 spell: Pain
  1841 | D:2      | Noticed Sigmund
  2010 | D:2      | Killed Sigmund
  2011 | D:2      | Reached skill level 4 in Necromancy
  2011 | D:2      | Reached XP level 4. HP: 15/27 MP: 4/4
  2011 | D:2      | Reached XP level 5. HP: 18/32 MP: 5/5
  2555 | D:3      | Found Suitiget's Jewellery Emporium.
  2570 | D:3      | Reached XP level 6. HP: 14/37 MP: 6/6
  2814 | D:3      | Reached ** piety under Hepliaklqana
  2815 | D:3      | Remembered your ancestor omcestor as a battlemage
  2822 | D:3      | Noticed Jessica
  2826 | D:3      | Killed Jessica
  2874 | D:3      | Noticed Ijyb
  2902 | D:3      | Killed Ijyb
  3082 | D:3      | Found a sacrificial altar of Ru.
  3289 | D:3      | Found a burning altar of Makhleb.
  3316 | D:3      | Reached skill level 5 in Necromancy
  3316 | D:3      | Reached XP level 7. HP: 42/42 MP: 7/7
  4427 | D:4      | Found a staircase to the Ecumenical Temple.
  4433 | D:4      | Noticed Natasha
  4439 | D:4      | Killed Natasha
  4442 | Temple   | Entered the Ecumenical Temple
  4563 | D:4      | Noticed Natasha
  4568 | D:4      | Killed Natasha
  4568 | D:4      | Noticed Natasha
  4572 | D:4      | Killed Natasha
  4629 | D:4      | Reached skill level 6 in Necromancy
  4911 | D:4      | Noticed Pikel
  4959 | D:4      | Killed Pikel
  4960 | D:4      | Reached skill level 5 in Fighting
  4960 | D:4      | Reached skill level 5 in Dodging
  4960 | D:4      | Reached skill level 7 in Necromancy
  4960 | D:4      | Reached XP level 8. HP: 49/49 MP: 6/8
  5138 | D:5      | Entered Level 5 of the Dungeon
  5238 | D:5      | Found a transporter.
  5538 | D:5      | Found a runed translucent door.
  5543 | D:5      | Noticed flotson's ghost (weakling MfDe)
  5685 | D:5      | Killed flotson's ghost
  5768 | D:5      | Reached XP level 9. HP: 36/55 MP: 9/9
  5771 | D:5      | Reached skill level 8 in Necromancy
  5915 | D:5      | Found a transporter.
  5931 | D:5      | Noticed Prince Ribbit
  5934 | D:5      | Killed Prince Ribbit
  6175 | D:5      | Noticed Eustachio
  6206 | D:5      | Killed Eustachio
  7074 | D:6      | Reached skill level 9 in Necromancy
  7367 | D:6      | Reached *** piety under Hepliaklqana
  8229 | D:7      | Reached XP level 10. HP: 60/63 MP: 10/10
  8258 | D:7      | Noticed a boulder beetle
  8295 | D:7      | Found a runed translucent door.
  8295 | D:7      | Identified the +4 quarterstaff of Peril {venom, rC+ Str+3
                  | Stlth+}
  8295 | D:7      | Noticed a kobold demonologist
  8295 | D:7      | Noticed robertstho's ghost (novice DjFE)
  8308 | D:7      | Slain by a boulder beetle

Illustrated notes

Levels and vault maps discovered:
D:1:      amcnicky_arrival_gap_in_the_tavern_cellar, layout_rooms,
          roderic_serpentine_path
D:2:      layout_loops_ring, hellmonk_ecumenical_altar_inner_sanctum,
          minmay_pentomino_u4, uniq_sigmund
D:3:      layout_rooms, nicolae_ru_sacrificial_ziggurat, demons_altar,
          serial_shops, shop, eino_tiny_chamber, minmay_quadrilaterals,
          uniq_jessica, uniq_ijyb
D:4:      layout_loops_ring, minmay_temple_entry_stoned_glass, uniq_pikel,
          uniq_natasha
D:5:      gammafunk_wand_slinger, layout_loops_ring,
          ebering_ghost_reflecting_pool, kennysheep_generic_room_14,
          uniq_prince_ribbit1, uniq_eustachio
D:6:      layout_basic
D:7:      lemuel_slime, layout_basic, chequers_temple_overflow_minitemple,
          lemuel_doored_altar, ebering_ghost_inner_flame
Temple:   compressed_dpeg_circular_temple

Skill      XL: |  1  2  3  4  5  6  7  8  9 |
---------------+----------------------------+-----
Dodging        | 1 2 3 5 7 |  7.0
Fighting       | 3 5 7 |  7.0
Necromancy     | 4 5 7 9 |  9.9
Crossbows      | |  3.0
Throwing       | |  1.0
Shields        | |  1.0
Hexes          | |  1.0

Action                   |  1- 3 |  4- 6 |  7- 9 | 10-12 || total
-------------------------+-------+-------+-------+-------++-------
Melee: Club              |     9 |       |       |       ||     9
       Constrict         |    16 |     9 |    51 |     1 ||    77
       Tentacles         |    12 |     8 |    35 |       ||    55
       Dagger            |    70 |    35 |   180 |     3 ||   288
       Whip              |       |       |     2 |       ||     2
 Cast: Pain              |     3 |       |    40 |     6 ||    49
Invok: Ancestor Identity |     1 |       |       |       ||     1
       Ancestor Life: Ba |       |     1 |       |       ||     1
  Use: Potion            |     6 |     1 |     1 |       ||     8
 Stab: Sleeping          |     5 |     2 |     8 |       ||    15
       Distracted        |     1 |     1 |     1 |       ||     3
Armor: Skin              |    10 |     2 |    14 |       ||    26
Dodge: Dodged            |    69 |    18 |   111 |     1 ||   199

Table legend: (Time is in decaauts)
 A = Elapsed time spent in this place.
 B = Non-inter-level travel time spent in this place.
 C = Inter-level travel time spent in this place.
 D = Time resting spent in this place.
 E = Time spent auto-exploring this place.
 F = Levels seen in this place.
 G = Mean time per level.
                   A        B        C        D        E       F      G
               +--------+--------+--------+--------+--------+-----+--------+
         Total |   8289 |   8079 |    210 |   2434 |   4277 |   8 | 1036.1 |
       Dungeon |   8190 |   7988 |    202 |   2434 |   4201 |   7 | 1170.0 |
        Temple |     98 |     90 |      8 |      0 |     76 |   1 |   98.0 |
               +--------+--------+--------+--------+--------+-----+--------+

Top non-repeatable levels by time:
     D:5: 1763 daAuts
     D:1: 1428 daAuts
     D:3: 1413 daAuts
     D:6: 1217 daAuts
     D:4: 1105 daAuts
     D:2: 1075 daAuts
     D:7: 187 daAuts
  Temple: 98 daAuts
